 Dungeon Crawl Stone Soup version 0.27-a0-577-ge2a43ba0c9 (webtiles) character file.

Game seed: 2570787256528161842

509 tilp the Insei (level 7, -7/48 HPs)
             Began as an Octopode Transmuter on Mar 9, 2021.
             Killed by divine providence
             ... invoked by an orc priest
              (12 damage)
             ... on level 2 of the Dungeon.
             The game lasted 00:09:18 (3662 turns).

tilp the Insei (Octopode Transmuter)                Turns: 3662, Time: 00:09:19

Health: -7/48      AC:  1    Str: 10    XL:     7   Next: 19%
Magic:  6/10       EV: 13    Int: 17    God:
Gold:   90         SH:  0    Dex: 12    Spells: 4/10 levels left

rFire    . . .     SeeInvis .     - Unarmed
rCold    . . .     Faith    .   (no shield)
rNeg     . . .     Spirit   .   (helmet currently unavailable)
rPois    .         Reflect  .   (no amulet)
rElec    .         Harm     .   (no ring)
rCorr    .         Rampage  .   (no ring)
Will     .....                  (no ring)
Stlth    +++.......             (no ring)
HPRegen  0.16/turn              (no ring)
MPRegen  0.12/turn              (no ring)
                                (no ring)
                                (no ring)

@: appendages (expiring), wereblooded, very slightly contaminated
A: almost no armour, amphibious, 8 rings, constrict 8, tentacle spike 3,
camouflage 1, gelatinous body 1, nimble swimmer 1
a: End Transformation


You were on level 2 of the Dungeon.
One of your tentacles had a temporary spike.
You visited 1 branch of the dungeon, and saw 3 of its levels.
You also visited: Sewer.

You collected 90 gold pieces.

Inventory:

Hand Weapons
 k - a +2 dagger of flaming
Missiles
 a - 56 stones
 c - 37 poisoned darts (quivered)
 i - a curare-tipped dart {!f}
Armour
 j - a +2 kite shield
Scrolls
 d - a scroll of identify {unknown}
 f - 2 scrolls of teleportation {unknown}
 h - a scroll of fear {unknown}
 m - a scroll of amnesia {unknown}
Potions
 b - a potion of flight {unknown}
 e - 3 potions of curing {unknown}
 g - 2 potions of heal wounds {unknown}
 l - a potion of brilliance {unknown}


   Skills:
 - Level 4.0 Fighting
 - Level 2.0 Dodging
 - Level 4.0 Stealth
 - Level 6.0 Unarmed Combat
 + Level 2.1 Spellcasting
 * Level 2.2 Transmutations
 + Level 0.4 Poison Magic


You had 4 spell levels left.
You knew the following spells:

 Your Spells              Type           Power      Damage    Failure   Level
a - Beastly Appendage     Tmut           18%        N/A       8%          1
b - Wereblood             Tmut           9%         N/A       12%         2
c - Spider Form           Tmut/Pois      3%         N/A       32%         3

Your spell library contained the following spells:

 Spells                   Type           Power      Damage    Failure   Level
 Ice Form                 Ice/Tmut       5%         N/A       77%         4
 Blade Hands              Tmut           4%         N/A       91%         5


Dungeon Overview and Level Annotations

Branches:
Dungeon (3/15)              Sewer (visited)

Altars:
Ashenzari
Cheibriados
Okawaru
Sif Muna

Annotations:
D:1 oka lava vault


Innate Abilities, Weirdness & Mutations

You cannot wear most types of armour.
You are amphibious.
You can wear up to eight rings at the same time.
You can use your tentacles to constrict eight enemies at once.
Your skin changes colour to match your surroundings (Stealth+).
Your rubbery body absorbs attacks. (AC +1, EV +1)
You are stealthy while swimming. (Stealth+)
One of your tentacles bears a large vicious spike.


Message History

Confirm with . or Enter, or press ? or * to list all spells.
You miscast Wereblood.
You are very lightly contaminated with residual magic.
Nothing appears to happen.
The orc priest calls down the wrath of Beogh upon you.
Beogh smites you!
Casting: Wereblood (safe; 12% risk of failure)
Confirm with . or Enter, or press ? or * to list all spells.
Your blood is infused with primal strength.
Unknown command.
You closely miss the orc priest. Your grab misses the orc priest.
Your squeeze misses the orc priest.
The orc priest calls down the wrath of Beogh upon you.
Pain shoots through your body!
You tentacle-slap the orc priest. You grab the orc priest.
Your tentacle spike misses the orc priest.
Your tentacle-slap misses the orc priest.
The orc priest is moderately wounded.
You constrict the orc priest. The orc priest closely misses you.
You closely miss the orc. Your grab misses the orc. You squeeze the orc.
The orc is severely wounded.
Your transformation is almost over.
You constrict the orc priest.
Unknown command.
You bludgeon the orc!
You kill the orc!
You constrict the orc priest. The orc priest hits you with a +0 club.
Unknown command.
You barely miss the orc. You grab the orc.
You squeeze the orc, but do no damage.
You howl as the wereblood boils in your veins!
You constrict the orc priest. You constrict the orc.
The orc hits you with a +0 short sword.
* * * LOW HITPOINT WARNING * * *
The orc priest mumbles some strange prayers to Beogh against you.
Beogh smites you!
* * * LOW HITPOINT WARNING * * *
The orc priest invokes the aid of Beogh against you.
Beogh smites you!
You die...

#.# .#.#.# #.# ...
.....# #.# .o........
####.# ##. ##g#....#..
..#.# ... oo........#
#.#.# #.. #g#.o.##..#
##.#.# #.. #.# .# #..#
##....# #..##o##o# #..#
#...†.. #....go@)# #..#
#...... #....#####
#).####...... #....#
#........##..
#....#######..####..###.
#.............# #..# #.
#.#<....####.#####..###.
#.##.##....)............
#...>.#.#######.###.####
####.....######.###.#


You could see 2 orc priests, an orc wizard, an orc and a hobgoblin.

Vanquished Creatures
  5 kobold brigands (Sewer)
  5 adders
  3 river rats
  An ooze (Sewer)
  5 worms
  2 dart slugs
  A leopard gecko (D:3)
  An orc (D:2)
  7 bats
  3 giant cockroaches
  4 goblins (D:1)
  4 hobgoblins
  14 kobolds
  9 ball pythons
  3 frilled lizards
  10 rats
77 creatures vanquished.

Notes
Turn   | Place    | Note
-------+----------+-------------------------------------------
     0 | D:1      | tilp the Octopode Transmuter began the quest for the Orb.
     0 | D:1      | Reached XP level 1. HP: 13/13 MP: 3/3
     1 | D:1      | Found an iron altar of Okawaru.
    36 | D:1      | Reached skill level 1 in Stealth
   188 | D:1      | Reached XP level 2. HP: 17/18 MP: 5/5
   216 | D:1      | Learned a level 2 spell: Wereblood
   584 | D:1      | Reached XP level 3. HP: 23/23 MP: 6/6
  1091 | D:2      | Found a shimmering blue altar of Sif Muna.
  1139 | D:2      | Found a broken altar of Ashenzari.
  1188 | D:2      | You fall into a shaft and drop 1 floor!
  1210 | D:3      | Reached XP level 4. HP: 18/29 MP: 4/7
  1222 | D:3      | Found a glowing drain.
  1327 | Sewer    | Entered a sewer
  1933 | Sewer    | Noticed a kobold brigand
  1952 | Sewer    | Killed a kobold brigand
  1953 | Sewer    | Reached skill level 4 in Unarmed Combat
  1953 | Sewer    | Reached XP level 5. HP: 28/36 MP: 8/8
  2016 | Sewer    | Noticed a kobold brigand
  2038 | Sewer    | Killed a kobold brigand
  2039 | Sewer    | Reached XP level 6. HP: 27/42 MP: 7/9
  2838 | Sewer    | Reached skill level 5 in Unarmed Combat
  3003 | Sewer    | Reached XP level 7. HP: 31/48 MP: 7/10
  3250 | D:3      | Reached skill level 6 in Unarmed Combat
  3254 | D:3      | Learned a level 3 spell: Spider Form
  3426 | D:3      | Found a faded altar of an unknown god.
  3607 | D:2      | Found a snail-covered altar of Cheibriados.
  3662 | D:2      | Killed from afar by an orc priest

Illustrated notes

Levels and vault maps discovered:
D:1:      sevenhm_arrival_forest_fort_small_6, layout_basic, minmay_cut_off
D:2:      layout_loops_ring, kennysheep_slug_shrine, lemuel_doored_altar,
          lemuel_coloured_pillars_altar
D:3:      layout_loops_cross, portal_sewer_entry_e,
          chequers_ecumenical_altar_twisty

Skill      XL: |  1  2  3  4  5  6  7 |
---------------+----------------------+-----
Stealth        | 2 3 4 |  4.0
Fighting       | 3 4 |  4.0
Unarmed Combat | 4 5 6 |  6.0
Dodging        | |  2.0
Spellcasting   | |  2.1
Transmutations | |  2.2
Poison Magic   | |  0.4

Action                   |  1- 3 |  4- 6 |  7- 9 || total
-------------------------+-------+-------+-------++-------
Melee: Unarmed           |    72 |    79 |    30 ||   181
       Constrict         |    23 |    18 |     9 ||    50
       Tentacles         |    13 |    15 |     3 ||    31
       Kick              |     3 |    12 |     3 ||    18
       Punch             |       |     1 |     1 ||     2
Throw: Dart              |     2 |    32 |       ||    34
 Cast: Beastly Appendage |     4 |    11 |     6 ||    21
       Wereblood         |     1 |     5 |     1 ||     7
 Stab: Sleeping          |     8 |     4 |     1 ||    13
Armor: Skin              |    15 |     3 |       ||    18
Dodge: Dodged            |    40 |    28 |    14 ||    82

Table legend: (Time is in decaauts)
 A = Elapsed time spent in this place.
 B = Non-inter-level travel time spent in this place.
 C = Inter-level travel time spent in this place.
 D = Time resting spent in this place.
 E = Time spent auto-exploring this place.
 F = Levels seen in this place.
 G = Mean time per level.
                   A        B        C        D        E       F      G
               +--------+--------+--------+--------+--------+-----+--------+
         Total |   3655 |   3601 |     54 |   1248 |   1246 |   4 |  913.8 |
       Dungeon |   1781 |   1727 |     54 |    266 |    940 |   3 |  593.7 |
         Sewer |   1874 |   1874 |      0 |    982 |    306 |   1 | 1874.0 |
               +--------+--------+--------+--------+--------+-----+--------+

Top non-repeatable levels by time:
   Sewer: 1874 daAuts
     D:1: 1038 daAuts
     D:3: 389 daAuts
     D:2: 352 daAuts
